 Dungeon Crawl Stone Soup version 0.20.0-15-g7f486f2 (webtiles) character file.

334 Monsterracer the Covert (level 6, -2/28 HPs)
             Began as a Spriggan Enchanter on June 27, 2017.
             Slain by a killer bee (6 damage)
             ... on level 3 of the Dungeon.
             The game lasted 00:12:46 (2988 turns).

Monsterracer the Covert (Spriggan Enchanter)        Turns: 2988, Time: 00:12:47

Health: -2/28      AC:  2    Str:  4    XL:     6   Next: 27%
Magic:  1/11       EV: 18    Int: 18    God:
Gold:   120        SH:  0    Dex: 17    Spells: 1/10 levels left

rFire    . . .     SeeInvis +   n - +0 rapier
rCold    . . .     Gourm    .   (shield restricted)
rNeg     . . .     Faith    .   b - +0 robe
rPois    .         Spirit   .   (helmet restricted)
rElec    .         Reflect  .   (no cloak)
rCorr    .         Harm     .   (gloves unavailable)
MR       +....                  (boots unavailable)
Stlth    ++++......             (no amulet)
Regen    0.1/turn               (no ring)
MPRegen  0.2/turn               (no ring)

@: very slightly contaminated, very quick
A: unfitting armour, see invisible, herbivore 3, speed 3, slow metabolism 2
a: no special abilities


You were on level 3 of the Dungeon.
You were not hungry.

You visited 1 branch of the dungeon, and saw 3 of its levels.

You collected 120 gold pieces.

Inventory:

Hand Weapons
 n - a +0 rapier (weapon)
Armour
 b - a +0 robe (worn)
Scrolls
 a - a scroll of random uselessness {unknown}
 e - 2 scrolls of teleportation {unknown}
 f - 2 scrolls of enchant weapon {unknown}
 g - 2 scrolls of amnesia {unknown}
 i - a scroll of immolation {unknown}
 k - a scroll of identify {unknown}
 m - a scroll of fear {unknown}
Potions
 h - 2 potions of curing {unknown}
Books
 c - a book of Maledictions

   Spells                             Type                      Level
   a - Corona                         Hexes                        1
   b - Ensorcelled Hibernation        Hexes/Ice                    2
   c - Confuse                        Hexes                        3
   d - Tukima's Dance                 Hexes                        3
   e - Dazzling Spray                 Conjuration/Hexes            3
Comestibles
 d - a bread ration
 j - a fruit


   Skills:
 - Level 5.1 Short Blades
 - Level 3.0 Dodging
 - Level 8.2 Stealth
 + Level 2.6 Spellcasting
 * Level 3.6 Hexes


You had one spell level left.
You knew the following spells:

 Your Spells              Type           Power        Failure   Level  Hunger
a - Corona                Hex            ###....      3%          1    #......
b - Ensorcelled Hibernat  Hex/Ice        #.....       12%         2    ##.....
c - Confuse               Hex            ###.....     12%         3    ###....
d - Tukima's Dance        Hex            ###.....     12%         3    ###....


Dungeon Overview and Level Annotations

Branches:
Dungeon (3/15)

Altars:


Innate Abilities, Weirdness & Mutations

You are very small and have problems with some larger weapons.
You are too small for most types of armour.
You have supernaturally acute eyesight. (SInv)
You are a herbivore.
You cover ground extremely quickly.
You need consume almost no food.


Message History

Aim: a killer bee (severely wounded, confused, chance to defeat MR: 54%)
The killer bee resists with significant effort.
* * * LOW MAGIC WARNING * * *
The killer bee barely misses you. x2
Casting: Confuse
Confirm with . or Enter, or press ? or * to list all spells.
Aiming: Corona
Press: ? - help, Shift-Dir - straight line, f/p - killer bee
Aim: a killer bee (severely wounded, confused, chance to defeat MR: 61%)
The killer bee struggles to resist.
* * * LOW MAGIC WARNING * * *
The killer bee misses you. The killer bee completely misses you.
Okay, then.
Throwing (i - inventory):
l - a throwing net (quivered)
Press: ? - help, Shift-Dir - straight line, f - killer bee
Aim: a killer bee You throw a throwing net.
The throwing net closely misses the killer bee.
The killer bee stings you.
You die...

####.#.........##.#.......#
#.....#######.#..# ##.#
##.##.## ##...# ##..#
#..##.#######...## #..##
..###.#).......## ##.##
..###.......##.# #.y#
..#.....###....# #.##
....#####...#..####.# ....#
#..####..@y.(## ...## #.#
#####...# .#... #..
#.#....# .###.... ..####...
....... #### ## .###... .#
.# .#


You could see a killer bee.

Vanquished Creatures
  Grinder (D:3)
  A killer bee (D:3)
  3 gnolls (D:2)
  2 adders (D:2)
  A worm (D:2)
  3 leopard geckos
  3 giant cockroaches
  3 goblins (D:1)
  4 hobgoblins
  8 jackals
  5 kobolds
  A ball python (D:1)
  A bat (D:2)
  4 frilled lizards
  3 rats (D:1)
43 creatures vanquished.

Notes
Turn   | Place    | Note
-------+----------+-------------------------------------------
     0 | D:1      | Monsterracer the Spriggan Enchanter began the quest for the Orb.
     0 | D:1      | Reached XP level 1. HP: 9/9 MP: 5/5
   585 | D:1      | Reached XP level 2. HP: 10/13 MP: 4/6
   739 | D:1      | Learned a level 2 spell: Ensorcelled Hibernation
   784 | D:1      | Reached skill level 5 in Stealth
  1440 | D:2      | Reached XP level 3. HP: 12/16 MP: 5/8
  2239 | D:2      | Reached skill level 6 in Stealth
  2266 | D:2      | Reached XP level 4. HP: 21/21 MP: 4/9
  2320 | D:2      | Learned a level 3 spell: Confuse
  2553 | D:3      | Noticed Grinder
  2567 | D:3      | Paralysed by Grinder for 3 turns
  2801 | D:3      | Killed Grinder
  2801 | D:3      | Reached skill level 7 in Stealth
  2801 | D:3      | Reached XP level 5. HP: 24/24 MP: 6/10
  2801 | D:3      | Reached XP level 6. HP: 28/28 MP: 6/11
  2806 | D:3      | Learned a level 3 spell: Tukima's Dance
  2912 | D:3      | Reached skill level 5 in Short Blades
  2912 | D:3      | Reached skill level 8 in Stealth
  2988 | D:3      | Slain by a killer bee

Skill      XL: |  1  2  3  4  5  6 |
---------------+-------------------+-----
Short Blades   | 2 3 4 5 |  5.1
Stealth        | 5 6 7 8 |  8.2
Dodging        | |  3.0
Spellcasting   | |  2.6
Hexes          | |  3.6

Action                   |  1- 3 |  4- 6 || total
-------------------------+-------+-------++-------
Melee: Dagger            |   148 |    51 ||   199
       Rapier            |       |     8 ||     8
Throw: Throwing net      |     1 |     1 ||     2
 Cast: Corona            |    25 |     3 ||    28
       Ensorcelled Hiber |    10 |     5 ||    15
       Confuse           |       |     4 ||     4
  Use: Potion            |       |     1 ||     1
 Stab: Sleeping          |     9 |     6 ||    15
       Confused          |       |     2 ||     2
       Distracted        |       |     1 ||     1
  Eat: Royal jelly       |       |     1 ||     1
Armor: Robe              |    12 |     3 ||    15
Dodge: Dodged            |   153 |    72 ||   225
